 Dungeon Crawl Stone Soup version 0.27-a0-1193-g8631133539 (webtiles) character file.

Game seed: 10564577391970954872

23 Kold the Sneak (level 2, 0/24 HPs)
             Began as a Demonspawn Delver on May 25, 2021.
             Slain by Purgy (3 damage)
             ... in a sewer.
             The game lasted 00:01:53 (422 turns).

Kold the Sneak (Demonspawn Delver)                   Turns: 422, Time: 00:01:54

Health: 0/24       AC:  3    Str: 12    XL:     2   Next: 72%
Magic:  2/2        EV: 12    Int: 11    God:
Gold:   7          SH:  0    Dex: 14    Spells: 1/1 levels left

rFire    . . .     SeeInvis .   a - +0 mace
rCold    . . .     Faith    .   (no shield)
rNeg     . . .     Spirit   .   b - +0 leather armour
rPois    .         Reflect  .   (helmet restricted)
rElec    .         Harm     .   (no cloak)
rCorr    .         Rampage  .   (no gloves)
Will     .....                  (no boots)
Stlth    +++.......             (no amulet)
HPRegen  0.08/turn              (no ring)
MPRegen  0.08/turn              (no ring)

@: brilliant, hasted (expiring), very quick
A: antennae 1
a: no special abilities


You were in a sewer.
You visited 1 branch of the dungeon, and saw 2 of its levels.
You also visited: Sewer.

You collected 7 gold pieces.

Inventory:

Hand Weapons
 a - a +0 mace (weapon)
Armour
 b - a +0 leather armour (worn)
 i - a +0 plate armour
Jewellery
 h - an amulet of magic regeneration
Wands
 g - a wand of digging (3)
Scrolls
 c - a scroll of fog
 d - a scroll of magic mapping


   Skills:
 - Level 3.0 Fighting
 - Level 2.1 Maces & Flails
 - Level 2.0 Dodging
 + Level 4.9 Stealth
 + Level 0.6 Unarmed Combat


You had one spell level left.
You didn't know any spells.
Your spell library was empty.

Dungeon Overview and Level Annotations

Branches:
Dungeon (5/15)              Sewer (1/1)
 Temple: D:4-7

Altars:

Annotations:
Sewer Purgy


Innate Abilities, Weirdness & Mutations

You have a pair of small antennae on your head.


Message History

You closely miss Purgy.
Purgy is moderately wounded.
Purgy barely misses you. Purgy claws you but does no damage. Purgy claws you.
* * * LOW HITPOINT WARNING * * *
You hit Purgy.
Purgy is heavily wounded.
Purgy closely misses you. Purgy barely misses you. Purgy claws you.
* * * LOW HITPOINT WARNING * * *
As you read the scroll of fear, it crumbles to dust.
You assume a fearsome visage.
Purgy looks frightened!
You enter the shallow water.
Moving in this stuff is going to be slow.
Why would you want to do that? Why would you want to do that?
Why would you want to do that?
You enter the shallow water.
Moving in this stuff is going to be slow.
Why would you want to do that? Why would you want to do that?
You enter the shallow water.
Moving in this stuff is going to be slow.
Why would you want to do that?
You start resting.
Purgy is nearby!
There are no items here.
There is a gate leading back out of this place here.
You start resting.
Your extra speed is starting to run out.
You start resting.
Purgy is nearby!
You are too injured to fight recklessly!
Why would you want to do that? Why would you want to do that?
Why would you want to do that?
You hit Purgy.
Purgy is lightly wounded.
Purgy bites you.
* * * LOW HITPOINT WARNING * * *
Purgy claws you.
You die...

#≈#≈≈≈≈≈≈≈≈≈≈≈≈≈≈
##≈≈≈≈≈≈≈≈≈≈≈≈≈≈≈≈≈≈
##≈≈≈≈≈≈≈≈≈≈≈≈≈≈≈≈≈≈≈
≈≈≈≈≈≈≈≈≈≈≈≈≈≈≈≈≈≈≈≈≈≈
≈≈≈≈≈≈≈≈≈≈≈≈≈≈≈≈≈≈≈≈≈≈
≈≈≈≈≈≈≈≈≈≈≈≈≈≈≈≈≈≈≈≈≈≈≈
#≈≈≈≈≈≈≈≈≈≈≈≈≈.≈≈≈≈.≈#
≈≈≈≈≈≈≈≈≈≈≈≈≈≈#T≈≈≈..#
≈≈≈≈≈≈≈≈≈≈≈.≈##.@∩.###
≈≈≈≈≈≈≈≈≈≈≈≈≈#######
≈≈≈≈≈≈≈≈≈≈.#.#
≈≈≈≈≈≈≈≈≈≈≈###
≈≈≈≈≈≈≈≈≈≈##
#≈≈≈≈≈≈.#.# ≈≈≈≈≈≈T####
≈≈≈≈≈≈.# ≈≈≈≈≈≈..


You could see Purgy.

Vanquished Creatures
  An adder (Sewer)
  A dart slug (D:5)
  4 giant cockroaches (D:4)
  3 quokkas (D:4)
  A ball python (Sewer)
  A frilled lizard (Sewer)
11 creatures vanquished.

Notes
Turn   | Place    | Note
-------+----------+-------------------------------------------
     0 | D:5      | Kold the Demonspawn Delver began the quest for the Orb.
     0 | D:5      | Reached XP level 1. HP: 18/18 MP: 1/1
   143 | D:4      | Found a glowing drain.
   153 | D:4      | Gained mutation: You have a pair of small antennae on your
                  | head. [demonic ancestry]
   153 | D:4      | Reached XP level 2. HP: 19/24 MP: 2/2
   316 | Sewer    | Entered a sewer
   371 | Sewer    | Noticed Purgy
   422 | Sewer    | Slain by Purgy

Illustrated notes

Levels and vault maps discovered:
D:4:      layout_cave_pools, regret_index_temple_of_mockery,
          overflow_temple_1_default, gup_sewer_entry_pipe,
          kennysheep_nondescript, minmay_cupped, uniq_natasha
D:5:      layout_loops_corners, nicolae_qazlal_general_emergency
Sewer:    sewer_co_purgy_island

Skill      XL: |  1 |
---------------+----+-----
Maces & Flails | 2 |  2.1
Dodging        | 2 |  2.0
Fighting       | |  3.0
Stealth        | |  4.9
Unarmed Combat | |  0.6

Action                   || total
-------------------------++-------
Melee: Mace              ||    49
  Use: Potion            ||     2
       Scroll            ||     1
 Stab: Sleeping          ||     1
Armor: Leather armour    ||    10
Dodge: Dodged            ||    37

Table legend: (Time is in decaauts)
 A = Elapsed time spent in this place.
 B = Non-inter-level travel time spent in this place.
 C = Inter-level travel time spent in this place.
 D = Time resting spent in this place.
 E = Time spent auto-exploring this place.
 F = Levels seen in this place.
 G = Mean time per level.
                   A        B        C        D        E       F      G
               +--------+--------+--------+--------+--------+-----+--------+
         Total |    434 |    434 |      0 |    149 |    142 |   3 |  144.7 |
       Dungeon |    334 |    334 |      0 |    133 |     95 |   2 |  167.0 |
         Sewer |    100 |    100 |      0 |     16 |     47 |   1 |  100.0 |
               +--------+--------+--------+--------+--------+-----+--------+

Top non-repeatable levels by time:
     D:4: 209 daAuts
     D:5: 124 daAuts
   Sewer: 100 daAuts
